 Dungeon Crawl Stone Soup version 0.25-a0-1119-g28b6fd0 (webtiles) character file.

Game seed: 7427091475602766022, levelgen mode: deterministic

333 vertexvortex the Cutter (level 6, -21/48 HPs)
             Began as a Merfolk Assassin on May 18, 2020.
             Demolished by a two-headed ogre
             ... wielding a +0 giant spiked club
              (30 damage)
             ... on level 3 of the Dungeon.
             The game lasted 00:08:54 (2412 turns).

vertexvortex the Cutter (Merfolk Assassin)          Turns: 2412, Time: 00:08:56

Health: -21/48     AC:  3    Str: 11    XL:     6   Next: 52%
Magic:  6/6        EV: 12    Int: 10    God:
Gold:   152        SH:  0    Dex: 24    Spells: 5/5 levels left

rFire    . . .     SeeInvis .   a - +2 dagger
rCold    . . .     Gourm    .   (no shield)
rNeg     . . .     Faith    .   b - +0 robe
rPois    .         Spirit   .   (no helmet)
rElec    .         Reflect  .   c - +0 cloak
rCorr    .         Harm     .   (no gloves)
MR       .....                  (no boots)
Stlth    +++.......             (no amulet)
HPRegen  0.16/turn              h - +6 ring of dexterity
MPRegen  0.10/turn              (no ring)

@: no status effects
A: change form in water, swift swim, stealthy swim
a: no special abilities


You were on level 3 of the Dungeon.
You were not hungry.

You visited 1 branch of the dungeon, and saw 4 of its levels.

You collected 152 gold pieces.

Inventory:

Hand Weapons
 a - a +2 dagger (weapon)
 k - a +2 whip of venom
Missiles
 d - 8 poisoned darts (quivered)
 e - 2 curare-tipped darts
Armour
 b - a +0 robe (worn)
 c - a +0 cloak (worn)
Jewellery
 h - a +6 ring of dexterity (left hand)
Scrolls
 j - 9 scrolls of identify
 l - a scroll of amnesia {unknown}
 o - 2 scrolls of fog
Potions
 g - a potion of magic {unknown}
 m - a potion of might {unknown}
Comestibles
 f - 4 rations
 i - 6 chunks of flesh


   Skills:
 * Level 4.3 Fighting
 * Level 6.0 Short Blades
 + Level 3.3 Throwing
 - Level 1.3 Dodging
 - Level 4.3 Stealth


You had 5 spell levels left.
You didn't know any spells.
Your spell library was empty.

Dungeon Overview and Level Annotations

Branches:
Dungeon (4/15)
 Temple: D:4-7

Altars:
Cheibriados
Gozag
Ru

Annotations:
D:3 1 transporter, chris0x's ghost, amateur DsCj


Message History

You hit the two-headed ogre.
The two-headed ogre is poisoned.
The two-headed ogre is almost dead.
The two-headed ogre barely misses you.
The two-headed ogre completely misses you.
The iguana bites you!
The two-headed ogre hits you with a +0 giant spiked club!
The two-headed ogre barely misses you.
You climb upwards.
Level annotation: 1 transporter, chris0x's ghost, amateur DsCj
There is a stone staircase leading down here.
Your +2 whip of venom stops dripping with poison.
a - a +2 dagger (weapon)
The iguana bites you!
You hit the two-headed ogre.
The two-headed ogre is almost dead.
The two-headed ogre hits you with a +0 giant spiked club!
* * * LOW HITPOINT WARNING * * *
The two-headed ogre hits you with a +0 giant club!!
Ouch! That really hurt!
You die...

#.#.#..#.#
#.#.#..#.#
#.#
#.#.#..#.#
#.#
#.#....#.#
#.#
....#.##.#
#.#
....#.##.#
#.#
..<.#.##.#
#.#
#...#.##.#
#l#
#.###.##.#
#@# #.
#.##.# #O#
## .##.# #.#
#.# #.#
##.#######.#
#..........#
############


You could see a two-headed ogre (very poisoned) and an iguana.

Vanquished Creatures
  Sigmund (D:3)
  An orc wizard (D:3)
  Jessica (D:2)
  5 adders
  An ooze (D:3)
  A worm (D:3)
  2 dart slugs (D:3)
  A leopard gecko (D:1)
  4 orcs (D:3)
  2 ball pythons
  4 giant cockroaches
  4 goblins
  6 hobgoblins
  3 jackals
  3 kobolds
  5 quokkas
  8 bats
  4 frilled lizards
  6 rats
62 creatures vanquished.

Notes
Turn   | Place    | Note
-------+----------+-------------------------------------------
     0 | D:1      | vertexvortex the Merfolk Assassin began the quest for the
                  | Orb.
     0 | D:1      | Reached XP level 1. HP: 16/16 MP: 1/1
   300 | D:1      | Reached XP level 2. HP: 23/23 MP: 2/2
   430 | D:2      | Reached skill level 3 in Short Blades
   441 | D:2      | Found an opulent altar of Gozag.
   547 | D:2      | Reached XP level 3. HP: 27/28 MP: 3/3
  1409 | D:2      | Found a sacrificial altar of Ru.
  1427 | D:2      | Noticed Jessica
  1435 | D:2      | Killed Jessica
  1435 | D:2      | Reached skill level 4 in Short Blades
  1435 | D:2      | Reached XP level 4. HP: 27/35 MP: 4/4
  1690 | D:3      | Noticed Sigmund
  1696 | D:3      | Killed Sigmund
  1696 | D:3      | Reached skill level 5 in Short Blades
  1696 | D:3      | Reached XP level 5. HP: 42/42 MP: 5/5
  1696 | D:3      | Reached XP level 6. HP: 48/48 MP: 6/6
  2095 | D:3      | Reached skill level 6 in Short Blades
  2132 | D:3      | Noticed chris0x's ghost (amateur DsCj)
  2133 | D:3      | Found a transporter.
  2330 | D:3      | Found a snail-covered altar of Cheibriados.
  2404 | D:4      | Noticed a two-headed ogre
  2412 | D:3      | Demolished by a two-headed ogre

Illustrated notes

Levels and vault maps discovered:
D:1:      heliophobic_arrival_glass_houses, layout_rooms, minmay_pentomino_x2
D:2:      layout_basic, nicolae_ru_path_of_blood, nicolae_gozag_seed_capital,
          kennysheep_jessica_study
D:3:      minmay_razor_zed, layout_basic, lemuel_crystal_altar,
          cheibriados_altar_1, lemuel_crystal_altar, first_ration,
          gammafunk_ghost_arena, uniq_sigmund
D:4:      layout_layer_cave, nicolae_ossuary_entry_plus

Skill      XL: |  1  2  3  4  5  6 |
---------------+-------------------+-----
Short Blades   | 3 4 5 6 |  6.0
Fighting       | 3 4 |  4.3
Throwing       | 3 |  3.3
Dodging        | |  1.3
Stealth        | |  4.3

Action                   |  1- 3 |  4- 6 || total
-------------------------+-------+-------++-------
Melee: Dagger            |    77 |    85 ||   162
       Whip              |       |     9 ||     9
Throw: Dart              |    12 |     6 ||    18
  Use: Scroll            |     5 |       ||     5
       Potion            |     4 |       ||     4
 Stab: Sleeping          |     8 |    11 ||    19
  Eat: Chunk             |     1 |     4 ||     5
Armor: Robe              |    24 |    16 ||    40
Dodge: Dodged            |    50 |    59 ||   109

Table legend:
 A = Non-vault XP
 B = Vault XP
 C = Vault XP percentage of total XP
 D = Non-vault monster count
 E = Vault monster count
 F = Vault count percentage of total count
                 A         B        C        D         E       F
            +---------+---------+-------+---------+---------+-------
      Total |     161 |     315 |  66.2 |      42 |      20 |  32.3
            +---------+---------+-------+---------+---------+-------
        D:1 |      12 |       3 |  20.0 |       7 |       1 |  12.5
        D:2 |      66 |      39 |  37.1 |      21 |       2 |   8.7
        D:3 |      83 |     273 |  76.7 |      14 |      17 |  54.8
            +---------+---------+-------+---------+---------+-------
